 Dungeon Crawl Stone Soup version 0.26-b1-32-g5d43845318 (webtiles) character file.

Game seed: 12753575710905804608

2858 sanka the Covert (level 9, -1/63 HPs)
             Began as a Vampire Venom Mage on Jan 11, 2021.
             Was a Follower of Okawaru.
             Killed from afar by a white imp (10 damage)
             ... with a puff of frost
             ... on level 9 of the Dungeon.
             The game lasted 00:23:52 (9272 turns).

sanka the Covert (Vampire Venom Mage)               Turns: 9272, Time: 00:23:52

Health: -1/63      AC:  3    Str: 13    XL:     9   Next: 47%
Magic:  11/15      EV: 16    Int: 18    God:    Okawaru [*.....]
Gold:   418        SH:  0    Dex: 24    Spells: 6/16 levels left

rFire    . . .     SeeInvis +   b - +7 glaive of Context {vamp, Str+5 Dex+8 Stlth-}
rCold    . . .     Faith    .   (shield currently unavailable)
rNeg     . . .     Spirit   .   w - +0 robe
rPois    .         Reflect  .   (no helmet)
rElec    .         Harm     .   k - scarf {+Inv}
rCorr    .         Rampage  .   (no gloves)
Will     .....                  f - +0 pair of boots
Stlth    ++++......             (no amulet)
HPRegen  0.40/turn              t - ring of wizardry
MPRegen  0.14/turn              d - ring of stealth

@: lethally poisoned (-1 -> -3), regenerating quickly
A: fangs 3, see invisible, unbreathing
a: Exsanguinate, Renounce Religion, Evoke Invisibility, Heroism


You were on level 9 of the Dungeon.
You worshipped Okawaru.
Okawaru was aware of your devotion.
You visited 2 branches of the dungeon, and saw 11 of its levels.

You collected 418 gold pieces.


Innate Abilities, Weirdness & Mutations

Your natural rate of healing is unusually fast.
You have razor-sharp teeth.
You have supernaturally acute eyesight. (SInv)
You can survive without breathing.


   Skills:
 + Level 3.0 Fighting
 - Level 5.0 Short Blades
 + Level 4.5 Dodging
 - Level 8.0 Stealth
 - Level 4.0 Spellcasting
 - Level 3.0 Conjurations
 - Level 2.0 Transmutations
 - Level 5.0 Air Magic
 - Level 5.0 Poison Magic
 + Level 1.1 Invocations
 + Level 3.1 Evocations


You had 6 spell levels left.
You knew the following spells:

 Your Spells              Type           Power        Failure   Level
c - Mephitic Cloud        Conj/Pois/Air  19%          3%          3
x - Sting                 Tmut/Pois      64%          1%          1
z - Poisonous Vapours     Pois/Air       42%          1%          2
X - Olgreb's Toxic Radia  Pois           21%          8%          4

Your spell library contained the following spells:

 Spells                   Type           Power        Failure   Level
 Foxfire                  Conj/Fire      36%          3%          1
 Ignite Poison            Fire/Tmut/Pois 11%          7%          3
 Conjure Flame            Conj/Fire      9%           10%         3
 Inner Flame              Hex/Fire       3%           17%         3
 Sticky Flame             Conj/Fire      9%           30%         4
 Fireball                 Conj/Fire      4%           61%         5

Inventory:

Hand Weapons
 a - a +0 dagger
 b - the +7 glaive of Context (weapon) {vamp, Str+5 Dex+8 Stlth-}

   It inflicts no extra harm, but heals its wielder when it wounds a living foe.
   It affects your strength (+5).
   It affects your dexterity (+8).
   It makes you less stealthy.
 y - a +0 scimitar
Missiles
 c - 31 poisoned darts
 B - a throwing net {=f}
Armour
 f - a +0 pair of boots (worn)
 k - a scarf of invisibility (worn)
 w - a +0 robe (worn)
Jewellery
 d - a ring of stealth (right hand)
 t - a ring of wizardry (left hand)
Wands
 p - a wand of digging (7)
 r - a wand of polymorph (19)
 v - a wand of paralysis (11)
Scrolls
 g - a scroll of fear {unknown}
 h - 2 scrolls of fog
 i - a scroll of random uselessness
 l - 6 scrolls of teleportation {@r4}
 q - 3 scrolls of blinking
 s - a scroll of vulnerability {unknown}
 u - a scroll of immolation {!r}
Potions
 e - a potion of mutation {unknown}
 j - 5 potions of attraction {!q}
 m - a potion of flight {unknown}
 n - a potion of might {unknown}
 o - 4 potions of heal wounds {unknown}
 x - a potion of haste {unknown}
 z - 2 potions of curing {unknown}
 A - a potion of lignification {unknown}
 C - a potion of degeneration {unknown}

Dungeon Overview and Level Annotations

Branches:
Dungeon (10/15)            Temple (1/1) D:7
   Lair: D:8-11         Orc: D:9-12

Altars:
Ashenzari
Cheibriados
Dithmenos
Elyvilon
Fedhas
Hepliaklqana
Makhleb
Nemelex Xobeh
Okawaru
Qazlal
Ru
Sif Muna
Trog
Uskayaw
Vehumet
Wu Jian
Xom
Yredelemnul

Annotations:
D:3 3 runed translucent doors, Sekiam's ghost, amateur DsGl

▒▒<▒.▒▒.▒.......
▒▒▒▒▒▒▒▒▒†▒▒▒.▒......▒▒
........)▒▒ ▒▒........▒▒
▒.▒.▒▒▒.▒.▒▒▒.▒.........
▒.▒.▒▒▒5▒▒.▒.▒▒.▒....▒▒▒
▒▒▒.▒..▒▒.▒▒▒.▒▒▒.▒▒.▒.▒
▒....F.▒▒.▒ ▒▒▒▒...▒▒▒ ▒
▒.▒.......▒▒ ▒...▒
▒▒▒▒▒▒▒>▒.......V▒ ▒...▒
▒.....▒.▒..▒.▒...▒▒▒▒▒...▒▒▒▒▒
▒.....▒.▒..▒.....▒...........▒▒.
▒................)....).........
▒.....▒▒▒........▒....<.)....▒▒
▒.....▒ ▒▒.......▒▒▒▒▒)..▒▒▒▒▒
....[.▒ ▒▒▒▒.▒▒▒▒ ▒...▒ .▒▒▒▒.▒
▒.▒ ▒▒...▒▒ .▒▒▒▒)▒▒▒▒▒▒▒.▒
▒.....▒


You could see a bullfrog (wandering) and a white imp.


Message History

You feel very sick.
There is a stone staircase leading up here.
Unknown command.
Unknown command.
Unknown command.
You hit the scorpion.
You kill the scorpion!
Okawaru accepts your kill.
You feel sick. The ogre barely misses you. The ogre barely misses you.
Unknown command.
Unknown command.
You feel sick.
You see here a scorpion corpse.
You feel sick.
You feel sick.
A bullfrog comes into view.
You feel sick.
You feel sick.
You kill the ogre!
Okawaru accepts your kill.
Your Fighting skill increases to level 3!
Your Invocations skill increases to level 1!
You feel sick.
You feel sick.
You feel sick. The white imp gestures at you. The puff of frost hits you!
You die...

Action                   |  1- 3 |  4- 6 |  7- 9 || total
-------------------------+-------+-------+-------++-------
Melee: Unarmed           |     5 |       |       ||     5
       Bite              |     4 |     1 |    15 ||    20
       Dagger            |    26 |     4 |       ||    30
       Scimitar          |       |     9 |    78 ||    87
       Glaive            |       |       |    42 ||    42
 Cast: Sting             |    68 |    17 |       ||    85
       Poisonous Vapours |       |    81 |   154 ||   235
       Olgreb's Toxic Ra |       |       |     1 ||     1
  Use: Scroll            |     4 |     1 |     7 ||    12
 Stab: Sleeping          |       |       |     5 ||     5
       Distracted        |       |       |     1 ||     1
Armor: Robe              |     9 |     5 |    32 ||    46
Dodge: Dodged            |    44 |    30 |   145 ||   219
       Rpst.: Scimitar   |       |     8 |    33 ||    41

Levels and vault maps discovered:
D:1:      minmay_arrival_hallway, layout_basic, amethyst_killhole
D:2:      layout_rooms, kennysheep_ying_yang, kennysheep_flooded_box
D:3:      layout_loops_corners, ebering_ghost_rock_garden, uniq_terence
D:4:      layout_rooms, overflow_temple_1_default
D:5:      layout_cave_pools, marbit_many_paths
D:6:      layout_rooms, st_stairs_13, minmay_holes
D:7:      layout_loops_ring, temple_green
D:8:      layout_rooms, lemuel_round_altar, serial_shops, shop,
          lemuel_centaur_altar
D:9:      layout_loops_cross, grunt_temple_overflow_gold_and_silver,
          lemuel_mausoleum_altar_kikubaaqudgha, dpeg_oklobed_lair, orc_david_3,
          basic_altar, dk_vineyard_1
D:10:     minmay_clustersquares, layout_basic, grunt_potential, uniq_maggie
Temple:   minmay_temple_curvy_branch

Notes
Turn   | Place    | Note
-------+----------+-------------------------------------------
     0 | D:1      | sanka the Vampire Venom Mage began the quest for the Orb.
     0 | D:1      | Reached XP level 1. HP: 13/13 MP: 3/3
   148 | D:1      | Reached skill level 2 in Transmutations
   233 | D:1      | Reached XP level 2. HP: 19/19 MP: 0/5
   331 | D:1      | Learned a level 2 spell: Poisonous Vapours
   644 | D:1      | Reached skill level 3 in Poison Magic
   806 | D:1      | Reached skill level 1 in Air Magic
   806 | D:1      | Reached XP level 3. HP: 24/24 MP: 4/6
   829 | D:1      | Learned a level 3 spell: Mephitic Cloud
  1606 | D:2      | Reached XP level 4. HP: 30/30 MP: 8/8
  1611 | D:2      | Found a basalt altar of Yredelemnul.
  1652 | D:2      | Found a white marble altar of Elyvilon.
  1739 | D:2      | Found a basalt altar of Yredelemnul.
  1861 | D:2      | Reached skill level 3 in Spellcasting
  1893 | D:2      | Reached skill level 2 in Air Magic
  2172 | D:3      | Reached skill level 3 in Air Magic
  2395 | D:3      | Reached XP level 5. HP: 35/35 MP: 4/9
  3199 | D:3      | Found a runed translucent gate.
  3201 | D:3      | Found a runed translucent gate.
  3203 | D:3      | Found a runed translucent gate.
  3205 | D:3      | Noticed Sekiam's ghost (amateur DsGl)
  3359 | D:3      | Reached skill level 1 in Conjurations
  3656 | D:3      | Noticed Terence
  3661 | D:3      | Killed Terence
  4012 | D:4      | Noticed an ogre
  4016 | D:4      | Reached XP level 6. HP: 41/41 MP: 3/10
  4075 | D:4      | Reached skill level 4 in Air Magic
  4270 | D:4      | Reached skill level 2 in Conjurations
  4270 | D:4      | Reached skill level 4 in Poison Magic
  4690 | D:4      | Reached XP level 7. HP: 44/46 MP: 8/11
  4706 | D:4      | Reached skill level 1 in Short Blades
  5000 | D:4      | Reached skill level 4 in Stealth
  5189 | D:4      | Found a shadowy altar of Dithmenos.
  5248 | D:5      | Entered Level 5 of the Dungeon
  5346 | D:5      | Learned a level 4 spell: Olgreb's Toxic Radiance
  5505 | D:5      | Reached skill level 2 in Short Blades
  5688 | D:5      | Reached skill level 5 in Stealth
  5914 | D:5      | Found a broken altar of Ashenzari.
  6046 | D:5      | Reached skill level 3 in Short Blades
  6119 | D:5      | Reached skill level 6 in Stealth
  6169 | D:6      | Reached XP level 8. HP: 33/52 MP: 13/13
  6653 | D:7      | Reached skill level 4 in Short Blades
  6654 | D:7      | HP: 5/52 [poisoned by a killer bee]
  6656 | D:7      | Reached skill level 7 in Stealth
  6660 | D:7      | HP: 3/52 [poisoned by a killer bee]
  6665 | D:7      | HP: 2/52 [poisoned by a killer bee]
  6670 | D:7      | HP: 1/52 [poisoned by a killer bee]
  6677 | D:7      | HP: 2/52 [poisoned by a killer bee]
  6685 | D:7      | HP: 3/52 [poisoned by a killer bee]
  6983 | D:6      | Reached skill level 5 in Short Blades
  6983 | D:6      | Reached skill level 8 in Stealth
  7695 | D:7      | Got a crude glaive
  7696 | D:7      | Identified the +7 glaive of Context {vamp, Str+5 Dex+8
                  | Stlth-} (You found it on level 7 of the Dungeon)
  7712 | D:7      | Reached skill level 1 in Fighting
  7712 | D:7      | Reached skill level 1 in Evocations
  7811 | D:7      | Reached skill level 3 in Dodging
  7980 | D:7      | Reached XP level 9. HP: 59/59 MP: 5/14
  8054 | D:7      | Found a staircase to the Ecumenical Temple.
  8140 | Temple   | Entered the Ecumenical Temple
  8375 | Temple   | Became a worshipper of Warmaster Okawaru
  8406 | D:10     | Entered Level 10 of the Dungeon
  8412 | D:10     | Reached skill level 4 in Spellcasting
  8510 | D:10     | Reached skill level 5 in Air Magic
  8576 | D:10     | Noticed a troll
  8585 | D:10     | Killed a troll
  8586 | D:10     | Reached skill level 2 in Fighting
  8586 | D:10     | Reached skill level 3 in Conjurations
  8586 | D:10     | Reached skill level 5 in Poison Magic
  8586 | D:10     | Reached skill level 2 in Evocations
  8684 | D:9      | Found a burning altar of Makhleb.
  8742 | D:9      | Reached * piety under Okawaru
  8751 | D:9      | Reached skill level 4 in Dodging
  9112 | D:9      | Reached skill level 3 in Evocations
  9270 | D:9      | Reached skill level 3 in Fighting
  9270 | D:9      | Reached skill level 1 in Invocations
  9272 | D:9      | Killed from afar by a white imp

Vanquished Creatures
  A troll (D:10)
  A water moccasin (D:7)
  2 orc warriors
  A sky beast (D:10)
  2 black bears (D:7)
  2 ogres
  3 centaurs
  3 bullfrogs
  3 scorpions
  3 killer bees
  A howler monkey (D:4)
  A centaur zombie (D:6)
  5 hounds
  2 bullfrog zombies (D:5)
  3 jellies
  An orc priest (D:3)
  2 gnoll shamans
  7 orc wizards
  5 worker ants
  Terence (D:3)
  2 iguanas
  A killer bee zombie (D:8)
  4 gnolls (D:9)
  A howler monkey skeleton (D:6)
  11 adders
  2 ufetubi
  5 oozes
  2 adder zombies
  2 adder skeletons
  2 worms
  4 dart slugs
  4 leopard geckos
  25 orcs
  7 giant cockroaches
  9 goblins
  10 hobgoblins
  5 jackals
  13 kobolds
  6 quokkas
  9 bats
  6 frilled lizards
  2 leopard gecko skeletons (D:4)
  A leopard gecko zombie (D:6)
  2 quokka zombies
  9 rats
193 creatures vanquished.

Table legend: (Time is in decaauts)
 A = Elapsed time spent in this place.
 B = Non-inter-level travel time spent in this place.
 C = Inter-level travel time spent in this place.
 D = Time resting spent in this place.
 E = Time spent auto-exploring this place.
 F = Levels seen in this place.
 G = Mean time per level.
                   A        B        C        D        E       F      G
               +--------+--------+--------+--------+--------+-----+--------+
         Total |   9346 |   9113 |    233 |   4297 |   3297 |  11 |  849.6 |
       Dungeon |   9103 |   8888 |    215 |   4297 |   3074 |  10 |  910.3 |
        Temple |    243 |    225 |     18 |      0 |    223 |   1 |  243.0 |
               +--------+--------+--------+--------+--------+-----+--------+

Top non-repeatable levels by time:
     D:3: 2050 daAuts
     D:1: 1319 daAuts
     D:6: 1190 daAuts
     D:4: 1035 daAuts
     D:5: 994 daAuts
     D:2: 858 daAuts
     D:7: 771 daAuts
     D:9: 520 daAuts
    D:10: 277 daAuts
  Temple: 243 daAuts
     D:8: 86 daAuts
